 Dungeon Crawl Stone Soup version 0.31-a0-263-ge8cad7f256 (webtiles) character file.

Game seed: 418729196494904773

270 qw the Shooter (level 6, -4/52 HPs)
             Began as a Minotaur Hexslinger on July 13, 2023.
             Slain by a gnoll
             ... wielding a +0 whip
              (7 damage)
             ... on level 3 of the Dungeon.
             The game lasted 00:00:50 (2375 turns).

qw the Shooter (Minotaur Hexslinger)                Turns: 2375, Time: 00:00:50

Health: -4/52      AC:  2    Str: 12    XL:     6   Next: 1%
Magic:  6/6        EV: 12    Int: 10    God:
Gold:   135        SH:  0    Dex: 15    Spells: 6/7 levels left

rFire   . . .        h - +1 sling (heavy)
rCold   . . .        (no shield)
rNeg    . . .        c - +0 robe
rPois   .            (helmet restricted)
rElec   .            (no cloak)
rCorr   .            (no gloves)
SInv    .            (no boots)
Will    .....        (no amulet)
Stlth   +            (no ring)
HPRegen 0.28/turn    (no ring)
MPRegen 0.10/turn

%: no passive effects
@: no status effects
A: horns 2, retaliatory headbutt
a: no special abilities


You were on level 3 of the Dungeon.
You visited 1 branch of the dungeon, and saw 3 of its levels.

You collected 135 gold pieces.


Innate Abilities, Weirdness & Mutations

You have a pair of horns on your head.
You reflexively headbutt those who attack you in melee.


   Skills:
 + Level 3.7 Fighting
 - Level 6.1 Ranged Weapons
 - Level 2.1 Dodging
 - Level 1.0 Spellcasting
 - Level 2.0 Hexes


You had 6 spell levels left.
You knew the following spells:

 Your Spells              Type           Power      Damage    Failure   Level
a - Slow                  Hex            16%        N/A       16%         1

Your spell library contained the following spells:

 Spells                   Type           Power      Damage    Failure   Level
 Inner Flame              Hex/Fire       2%         N/A       56%         3
 Portal Projectile        Hex/Tloc       4%         N/A       56%         3
 Cause Fear               Hex            2%         N/A       83%         4

Inventory:

Hand Weapons
 h - a +1 heavy sling (weapon)
Armour
 c - a +0 robe (worn)
 l - a +0 leather armour
 m - a +0 ring mail
Jewellery
 d - a ring of ice
Scrolls
 a - a scroll of identify
 e - 2 scrolls of teleportation {unknown}
 j - a scroll of brand weapon
 n - a scroll of amnesia {unknown}
 o - a scroll of fear {unknown}
Potions
 b - a potion of curing {unknown}
 f - a potion of degeneration {unknown}
 g - a potion of haste {unknown}
 i - a potion of might {unknown}
 k - a potion of heal wounds {unknown}

Dungeon Overview and Level Annotations

Branches:
Dungeon (3/15)

Altars:
Dithmenos
Trog


Message History

Enter note:
Enter note:
Enter note:
Enter note:
Enter note:
Enter note:
Enter note:
Enter note:
Enter note: You shoot a sling bullet.
The sling bullet hits the rat.
The rat is heavily wounded.
You shoot a sling bullet. The sling bullet hits the rat!
You kill the rat! 4 gnolls come into view.
Found a whip.
The gnoll shouts! x3; You hear a shout!
A goblin comes into view. It is wielding a +0 club.
You hear a shout!
2369 ||| Stepping ~*~*~tactically~*~*~ (outnumbered).
2371 ||| Stepping ~*~*~tactically~*~*~ (outnumbered).
You shoot a sling bullet. The sling bullet hits the gnoll.
The gnoll is lightly wounded.
The gnoll hits you with a +0 whip.
You shoot a sling bullet.
The sling bullet barely misses the gnoll.
The gnoll hits you from afar with a +0 halberd!
The gnoll hits you with a +0 whip!
You shoot a sling bullet.
The sling bullet barely misses the gnoll.
The gnoll hits you from afar with a +0 halberd.
A gnoll comes into view. It is wielding a +0 flail.
The gnoll hits you with a +0 whip. x2
The gnoll hits you from afar with a +0 halberd.
The gnoll hits you from afar with a +0 halberd!
The gnoll moves out of view.
You shoot a sling bullet. The sling bullet hits the gnoll!
The gnoll is heavily wounded.
The gnoll barely misses you. The gnoll completely misses you.
The gnoll hits you with a +0 whip!
You die...

.......<..................###
####.^.........#.####.##'########
...'...........#.# #.##.........
####.........###.# #.###########
#.........# #.# #.# #.........#
#.# ... #.........# #.#
#.........# #.# # #.........# #@#
# ##.##....## #g#
#####.##....####gg)..g..
~~##..##........g...g...
~~~.####....####........
~~#~~###......##.......)
~~#~~~#....##..####.....
.~~~~~.#...###..........
~~~~~~~##### #.####.....


You could see 3 gnolls and a goblin.

Vanquished Creatures
  Sigmund (D:2)
  3 adders
  A worm (D:3)
  9 dart slugs
  An orc (D:3)
  5 ball pythons
  6 bats
  6 endoplasms
  3 giant cockroaches
  7 goblins
  4 hobgoblins
  2 jackals (D:2)
  3 kobolds
  5 quokkas
  5 rats
61 creatures vanquished.

Notes
Turn   | Place    | Note
-------+----------+-------------------------------------------
     0 | D:1      | qw the Minotaur Hexslinger began the quest for the Orb.
     0 | D:1      | Reached XP level 1. HP: 16/16 MP: 1/1
     0 | D:1      | 0 ||| qw: Version: 0.3-a-52-g30416fa
     0 | D:1      | 0 ||| qw: Game counter: 7487
     0 | D:1      | 0 ||| qw: Melee chars always use a shield: true
     0 | D:1      | 0 ||| qw: God list: Okawaru
     0 | D:1      | 0 ||| qw: Allow faded altars: false
     0 | D:1      | 0 ||| qw: Do Orc after clearing Dungeon:15 true
     0 | D:1      | 0 ||| qw: Do second Lair branch before Depths: true
     0 | D:1      | 0 ||| qw: Lair rune preference: random
     0 | D:1      | 0 ||| qw: Goals: Normal
     0 | D:1      | 0 ||| PLANNING D:1-11
    13 | D:1      | 13 ||| Stepping ~*~*~tactically~*~*~ (water).
    69 | D:1      | Reached skill level 3 in Ranged Weapons
    75 | D:1      | Reached XP level 2. HP: 23/23 MP: 2/2
   515 | D:1      | Reached XP level 3. HP: 24/29 MP: 3/3
   845 | D:1      | 845 ||| READING 2 scrolls labelled FON ENYIMP.
   846 | D:1      | 846 ||| READING scroll labelled PEKHLORGH MISYSK.
   847 | D:1      | 847 ||| READING scroll labelled ALONEH OCORAI.
   848 | D:1      | 848 ||| READING scroll labelled QUNNAFRIA REIS.
   849 | D:1      | 849 ||| DROPPING scroll of poison.
   925 | D:2      | Noticed Sigmund
   927 | D:2      | 927 ||| STAIRDANCE
   959 | D:2      | 959 ||| STAIRDANCE
  1026 | D:2      | 1026 ||| STAIRDANCE
  1064 | D:2      | 1064 ||| STAIRDANCE
  1138 | D:2      | 1138 ||| STAIRDANCE
  1166 | D:2      | Killed Sigmund
  1167 | D:2      | Reached skill level 6 in Ranged Weapons
  1167 | D:2      | Reached XP level 4. HP: 21/36 MP: 4/4
  1167 | D:2      | Reached XP level 5. HP: 24/41 MP: 5/5
  1672 | D:2      | 1672 ||| DROPPING ring of wizardry.
  1673 | D:2      | 1673 ||| READING scroll labelled RUCAANI GENIMP.
  1699 | D:3      | Found a shadowy altar of Dithmenos.
  1772 | D:3      | Reached skill level 3 in Fighting
  1782 | D:3      | 1782 ||| Stepping ~*~*~tactically~*~*~ (water).
  1955 | D:3      | Found a bloodstained altar of Trog.
  2183 | D:3      | Reached XP level 6. HP: 52/52 MP: 6/6
  2369 | D:3      | 2369 ||| Stepping ~*~*~tactically~*~*~ (outnumbered).
  2371 | D:3      | 2371 ||| Stepping ~*~*~tactically~*~*~ (outnumbered).
  2374 | D:3      | HP: 3/52 [gnoll/+0 halberd (12)]
  2375 | D:3      | Slain by a gnoll

Levels and vault maps discovered:
D:1:      minmay_arrival_shoal_huts, layout_loops_ring, serial_aquarium,
          aquarium_bridge_square [aquarium_subvault_window,
          aquarium_subvault_wall, aquarium_subvault_bridge,
          aquarium_subvault_wall], aquarium_bridge_square
          [aquarium_subvault_wall, aquarium_subvault_window,
          aquarium_subvault_bridge, aquarium_subvault_wall],
          aquarium_window_fake, aquarium_window_1, aquarium_window_corner,
          aquarium_window_corridor_3, aquarium_view_2d, aquarium_view_2a,
          aquarium_balcony_3b, st_stairs_14, grunt_decor_arrowhead,
          minmay_misc_feat_cross, minmay_split_cup_large
D:2:      layout_rooms, uniq_sigmund
D:3:      kennysheep_slugbush, layout_basic, grunt_dithmenos_smoke_and_mirrors,
          lemuel_coloured_pillars_altar, trog_butcher_becter, st_stairs_2,
          uniq_jessica

Skill      XL: |  1  2  3  4  5 |
---------------+----------------+-----
Ranged Weapons | 3 6 |  6.1
Fighting       | 2 3 |  3.7
Dodging        | |  2.1
Spellcasting   | |  1.0
Hexes          | |  2.0

Action                     |  1- 3 |  4- 6 || total
---------------------------+-------+-------++-------
   Fire: Sling             |    90 |    65 ||   155
    Use: Scroll            |     4 |     1 ||     5
 Armour: Robe              |     6 |     3 ||     9
  Dodge: Dodged            |    29 |    16 ||    45

Table legend:
 A = Non-vault XP
 B = Vault XP
 C = Vault XP percentage of total XP
 D = Non-vault monster count
 E = Vault monster count
 F = Vault count percentage of total count
                 A         B        C        D         E       F
            +---------+---------+-------+---------+---------+-------
      Total |     114 |     272 |  70.5 |      44 |      17 |  27.9
            +---------+---------+-------+---------+---------+-------
        D:1 |      39 |      10 |  20.4 |      22 |       5 |  18.5
        D:2 |      30 |     226 |  88.3 |      10 |       1 |   9.1
        D:3 |      45 |      36 |  44.4 |      12 |      11 |  47.8
            +---------+---------+-------+---------+---------+-------
